 Dungeon Crawl Stone Soup version 0.30.1-11-g7821555f0a (webtiles) character file.

Game seed: 16696666601669369575

305 Gumption the Gusty (level 6, 0/45 HPs)
             Began as a Draconian Air Elementalist on Nov 18, 2023.
             Was an Initiate of Gozag.
             Killed by their own static electricity (1 damage)
             ... on level 4 of the Dungeon.
             The game lasted 00:42:08 (5007 turns).

Gumption the Gusty (Draconian Air Elementalist)     Turns: 5007, Time: 00:42:11

Health: 0/45       AC:  6    Str: 10    XL:     6   Next: 15%
Magic:  4/10       EV: 12    Int: 17    God:    Gozag
Gold:   62         SH:  0    Dex: 12    Spells: 1/11 levels left

rFire   . . .        h - +0 dagger
rCold   . . .        (no shield)
rNeg    . . .        (body armour unavailable)
rPois   +            (helmet restricted)
rElec   .            (no cloak)
rCorr   .            (no gloves)
SInv    .            (no boots)
Will    .....        c - amulet of regeneration
Stlth   ++           m - ring of poison resistance
HPRegen 1.07/turn    w - ring of flight
MPRegen 0.12/turn

%: no passive effects
@: gold aura, flying
A: AC +6, unfitting armour, cold-blooded
a: Renounce Religion, Potion Petition, Call Merchant, Bribe Branch


You were on level 4 of the Dungeon.
You worshipped Gozag.
Gozag was noncommittal.
You visited 2 branches of the dungeon, and saw 5 of its levels.

You collected 98 gold pieces.
You paid 36 gold pieces to Gozag.

Inventory:

Hand Weapons
 h - a +0 dagger (weapon)
Missiles
 j - 3 poisoned darts (quivered)
 u - 6 javelins
Jewellery
 c - an amulet of regeneration (around neck)
 f - a ring of positive energy
 m - a ring of poison resistance (left hand)
 w - a ring of flight (right hand)
Wands
 t - a wand of digging (5)
Scrolls
 b - a scroll of magic mapping {unknown}
 i - a scroll of enchant weapon {unknown}
 k - a scroll of poison {unknown}
 l - a scroll of vulnerability {unknown}
 o - a scroll of identify {unknown}
 q - a scroll of fear {unknown}
 s - a scroll of teleportation {unknown}
 v - a scroll of fog {unknown}
Potions
 a - a potion of magic
 d - a potion of might {unknown}
 e - a potion of lignification {unknown}
 g - 2 potions of heal wounds
 n - a potion of berserk rage {unknown}
 p - a potion of resistance {unknown}
 r - 3 potions of experience {unknown}


   Skills:
 + Level 2.9 Dodging
 + Level 2.2 Stealth
 + Level 3.1 Spellcasting
 - Level 3.0 Conjurations
 * Level 4.8 Air Magic


You had one spell level left.
You knew the following spells:

 Your Spells              Type           Power      Damage    Failure   Level
a - Shock                 Conj/Air       60%        1d6       3%          1
b - Static Discharge      Conj/Air       30%        2-4/arc   5%          2
c - Swiftness             Air            19%        N/A       7%          3
d - Airstrike             Air            9%         2d(2-18)  24%         4

Your spell library contained the following spells:

 Spells                   Type           Power      Damage    Failure   Level
 Sandblast                Erth           4%         2d4       17%         1
 Passwall                 Tmut/Erth      1%         N/A       26%         2
 Stone Arrow              Conj/Erth      14%        3d7       28%         3
 Iskenderun's Battlesphe  Conj           12%        2d7       80%         5
 Fireball                 Conj/Fire      3%         3d4       95%         5
 Conjure Ball Lightning   Conj/Air       7%         3x3d6     99%         6
 Orb of Destruction       Conj           6%         9d6       100%        7


Dungeon Overview and Level Annotations

Branches:
Dungeon (4/15)             Temple (1/1) D:4

Altars:
Ashenzari
Cheibriados
Dithmenos
Elyvilon
Gozag
Hepliaklqana
Kikubaaqudgha
Nemelex Xobeh
Qazlal
Trog
Uskayaw
Wu Jian
Xom
Yredelemnul
Zin
The Shining One

Annotations:
D:2 Sigmund


Innate Abilities, Weirdness & Mutations

Your plain brown scales are hard. (AC +6)
You cannot fit into any form of body armour.
You are cold-blooded and may be slowed by cold attacks.


Message History

A puff of flame appears from out of thin air!
The puff of flame hits you! The orc barely misses you. The orc misses you.
You bump into the rock wall.
Something hits you but does no damage. The orc hits you but does no damage.
Something barely misses you. The orc closely misses you.
You're too confused to move!
Something hits you but does no damage. The orc hits you with a +0 short sword.
The orc closely misses you.
You bump into the rock wall.
You feel less confused.
You hear some strange, mumbled words.
A puff of flame appears from out of thin air!
The puff of flame hits you!
* * * LOW HITPOINT WARNING * * *
The orc closely misses you.
You hear some strange, mumbled words.
Something tries to affect you, but you resist.
The orc hits you with a +0 hand axe.
* * * LOW HITPOINT WARNING * * *
You hit something.
You hear some strange, mumbled words.
A puff of flame appears from out of thin air!
The puff of flame hits you.
* * * LOW HITPOINT WARNING * * *
The orc hits you with a +0 short sword.
* * * LOW HITPOINT WARNING * * *
The orc hits you but does no damage.
Casting: Shock (safe; 3% risk of failure)
Confirm with . or Enter, or press ? or * to list all spells.
The orc is struck by an arc of lightning.
The orc is moderately wounded.
You are struck by an arc of lightning.
* * * LOW HITPOINT WARNING * * *
The orc is struck by an arc of lightning.
The orc is moderately wounded.
The lightning grounds out.
Something is struck by an arc of lightning.
Reactivating autopickup.
You feel a bit more experienced.
You are struck by an arc of lightning.
You die...
Your body crumbles into a pile of gold.

#..# ... ### #..##.#
...#.....
.####.#...###..
............... #
#####$## .#.
.#.##....o.+ ...
.......o#.## ...
.####.#@#.# ..
......o.$.# .. #.#
.####.#.#######.#.##.###
...#...........#.....
###.#........>#.##....
#.#.#..####.#.##....
#.#.......#.#.##....
####.#.......#.#.##....
.............#.#.##....


You could see 2 orcs.

Vanquished Creatures
  Jessica (D:3)
  An orc wizard (D:4)
  Natasha (thrice) (D:2)
  Robin (D:2)
  4 adders
  8 gnolls (D:3)
  3 dart slugs
  4 ball pythons
  5 bats
  3 endoplasms
  5 giant cockroaches
  12 goblins
  12 hobgoblins
  2 jackals (D:2)
  5 kobolds
  4 quokkas
  A frilled lizard (D:3)
  7 rats
81 creatures vanquished.

Vanquished Creatures (others)
  A quokka (D:3)
1 creature vanquished.

Grand Total: 82 creatures vanquished

Notes
Turn   | Place    | Note
-------+----------+-------------------------------------------
     0 | D:1      | Gumption the Draconian Air Elementalist began the quest for
                  | the Orb.
     0 | D:1      | Reached XP level 1. HP: 14/14 MP: 3/3
   548 | D:1      | Reached XP level 2. HP: 20/20 MP: 1/5
   594 | D:1      | Learned a level 2 spell: Static Discharge
  1490 | D:1      | Reached XP level 3. HP: 26/26 MP: 3/6
  1602 | D:2      | Noticed Natasha
  1609 | D:2      | Killed Natasha
  1656 | D:2      | Noticed Sigmund
  2010 | D:2      | Noticed Robin
  2025 | D:2      | Reached XP level 4. HP: 33/33 MP: 2/7
  2038 | D:2      | Killed Robin
  2435 | D:2      | Reached skill level 4 in Air Magic
  2645 | D:2      | Noticed Natasha
  2655 | D:2      | Killed Natasha
  3108 | D:2      | Noticed Natasha
  3115 | D:2      | Killed Natasha
  3116 | D:2      | Reached XP level 5. HP: 32/38 MP: 0/9
  3269 | D:3      | Learned a level 3 spell: Swiftness
  3280 | D:3      | Found a glowing silver altar of Zin.
  3693 | D:3      | Noticed a +0 dagger
  3694 | D:3      | Found a hide-covered altar of Uskayaw.
  3694 | D:3      | Noticed a +0 dagger
  3731 | D:3      | Found a white marble altar of Elyvilon.
  3748 | D:3      | Noticed Jessica
  3756 | D:3      | Killed Jessica
  4046 | D:3      | Reached XP level 6. HP: 29/45 MP: 0/10
  4591 | D:3      | Found a faded altar of an unknown god.
  4679 | D:3      | Learned a level 4 spell: Airstrike
  4814 | D:4      | Found a staircase to the Ecumenical Temple.
  4827 | Temple   | Entered the Ecumenical Temple
  4899 | Temple   | Became a worshipper of Gozag Ym Sagoz the Greedy
  5006 | D:4      | HP: 2/45 [orc/+0 short sword (3)]
  5007 | D:4      | Killed from afar by themself

Illustrated notes

Levels and vault maps discovered:
D:1:      dpeg_arrival_snail, layout_basic
D:2:      layout_basic, uniq_sigmund, uniq_robin, uniq_natasha
D:3:      layout_basic, dancing_weapons_uskayaw, zin_statuary, elyvilon_altar_4,
          shapermc_ecumenical_altar_pompeii, serial_bayou, serial_bayou_lake_a,
          serial_bayou_lagoon_a, serial_bayou_crossing, serial_bayou_pond_a,
          uniq_jessica
D:4:      layout_basic, minmay_temple_entry_overgrown, kennysheep_minor_cross,
          hangedman_abyss_or_decor_stabs, moated_statue, uniq_crazy_yiuf_cottage
Temple:   nicolae_temple_ecumenical_triangle

Skill      XL: |  1  2  3  4  5 |
---------------+----------------+-----
Dodging        | 2 |  2.9
Conjurations   | 2 3 |  3.0
Air Magic      | 4 |  4.8
Stealth        | 2 |  2.2
Spellcasting   | 3 |  3.1

Action                     |  1- 3 |  4- 6 || total
---------------------------+-------+-------++-------
  Melee: Unarmed           |     1 |       ||     1
         Dagger            |     7 |    60 ||    67
         Tailslap          |     3 |     5 ||     8
         Punch             |       |     1 ||     1
  Throw: Dart              |       |     2 ||     2
   Cast: Shock             |    60 |   121 ||   181
         Swiftness         |       |     1 ||     1
    Use: Potion            |       |     1 ||     1
 Armour: Skin              |    20 |    47 ||    67
  Dodge: Dodged            |    31 |    59 ||    90
